AoeStats
← JabberWocky

Arena

510038992Analyzed
4v4 RM · 4d ago on Sep 29, 2026· 9m 54s· 8 players
Game mode
Random Map
Map size
Large (8 player)
Population
200
Speed
Normal
Resources
Standard
Victory
Conquest
Starting age
Dark Age
Ending age
Imperial Age
RankedLock teamsTeams togetherTeam positionsShared explorationLock speedFull tech treeHidden civsTurbo modeCheats
Victory
Defeat
🇧🇷 Inca · Brazil
788
+17
🇨🇳 Huns · China
769
+18
🇸🇬 Huns · Singapore
766
+17
🇯🇵 Saxons · Japan
754
+18
🇨🇳 Bohemians · China
988
-25
796
-17
🇻🇪 Khmer · Venezuela
770
-16
🇻🇪 Goths · Venezuela
656
-12
ogipochi_
11:24 Feudal Age
卢本伟
10:06 Feudal Age
theilor.taiariol
11:16 Feudal Age
Soldaris
1:07 Loom
2:03 Loom
9:20 Feudal Age
9:52 Double-Bit Axe
10:45 Wheelbarrow
JabberWocky
0:39 Loom
11:23 Feudal Age
TheGems
永不投降嘻嘻
11:04 Feudal Age
make wall ,door and market well?
Connection lost

Rejoining the realm…

Still unreachable

The connection could not be restored.

Session expired

The server has moved on; the page needs a fresh start.